 Dungeon Crawl Stone Soup version 0.28.0-1-gb440e238dd (webtiles) character file.

Game seed: 3643269632888672619

206 Kaptain the Digger (level 5, -3/34 HPs)
             Began as an Octopode Earth Elementalist on Feb 21, 2022.
             Slain by Duvessa (8 damage)
             ... on level 4 of the Dungeon.
             The game lasted 00:06:45 (3771 turns).

Kaptain the Digger (Octopode Earth Elementalist)    Turns: 3771, Time: 00:06:46

Health: -3/34      AC:  1    Str:  7    XL:     5   Next: 84%
Magic:  1/9        EV: 14    Int: 19    God:
Gold:   227        SH:  0    Dex: 19    Spells: 6/10 levels left

rFire   . . .      SeeInvis .   j - +0 hand axe (venom)
rCold   . . .      Faith    .   (no shield)
rNeg    . . .      Spirit   .   (helmet restricted)
rPois   .          Reflect  .   (no amulet)
rElec   .          Harm     .   l - +6 ring of dexterity
rCorr   .          Rampage  .   a - ring of willpower
Will    +....                   (no ring)
Stlth   ++++......              (no ring)
HPRegen 0.11/turn               (no ring)
MPRegen 0.11/turn               (no ring)
                                (no ring)
                                (no ring)

@: no status effects
A: almost no armour, amphibious, 8 rings, camouflage 1, gelatinous body 1,
(nimble swimmer 1), tentacles
a: no special abilities


You were on level 4 of the Dungeon.
You visited 1 branch of the dungeon, and saw 4 of its levels.

You collected 227 gold pieces.

Inventory:

Hand Weapons
 j - a +0 hand axe of venom (weapon)
 n - a +1 short sword of flaming
Missiles
 b - 82 stones
 c - 6 poisoned darts (quivered)
 p - 5 datura-tipped darts
Jewellery
 a - a ring of willpower (right tentacle)
 l - a +6 ring of dexterity (left tentacle)
Scrolls
 d - a scroll of fog
 g - 2 scrolls of enchant armour
 h - a scroll of enchant weapon {unknown}
 o - a scroll of teleportation
Potions
 e - a potion of lignification {unknown}
 f - a potion of cancellation {unknown}
 k - a potion of curing {unknown}
 m - 2 potions of resistance


   Skills:
 * Level 2.1 Fighting
 + Level 2.7 Dodging
 + Level 3.5 Stealth
 * Level 3.1 Spellcasting
 * Level 1.8 Conjurations
 - Level 1.0 Transmutations
 * Level 3.8 Earth Magic


You had 6 spell levels left.
You knew the following spells:

 Your Spells              Type           Power      Damage    Failure   Level
a - Sandblast             Erth           34%        2d9       3%          1
b - Stone Arrow           Conj/Erth      26%        3d8       14%         3

Your spell library contained the following spells:

 Spells                   Type           Power      Damage    Failure   Level
 Passwall                 Tmut/Erth      10%        N/A       9%          2
 Petrify                  Tmut/Erth      12%        N/A       50%         4
 Borgnjor's Vile Clutch   Necr/Erth      5%         N/A       88%         5
 Alistair's Intoxication  Tmut/Pois      2%         N/A       98%         5
 Eringya's Noxious Bog    Tmut/Pois      2%         N/A       100%        6


Dungeon Overview and Level Annotations

Branches:
Dungeon (4/15)
 Temple: D:4-7

Altars:
Ashenzari
Fedhas
Kikubaaqudgha
Qazlal
Ru
Uskayaw

Shops:
D:2 :

Annotations:
D:4 Dowan, Duvessa


Innate Abilities, Weirdness & Mutations

You cannot wear most types of armour.
You are amphibious.
You can wear up to eight rings at the same time.
Your skin changes colour to match your surroundings (Stealth+).
Your rubbery body absorbs attacks. (AC +1, EV +1)
((You are camouflaged when in or above water. (Stealth+)))
You have tentacles for arms and can constrict up to eight enemies at once.


Message History

b - 85 stones
Casting: Sandblast (safe; 3% risk of failure)
Confirm with . or Enter, or press ? or * to list all spells.
Aiming: Sandblast (safe; 3% risk of failure)
Press: ? - help, Shift-Dir - straight line, f/p - Duvessa
Aim: Duvessa, wielding a +0 short sword and wearing a +0 ring mail (heavily wounded, 85% to hit)
The blast of sand hits Duvessa but does no damage.
Duvessa is heavily wounded.
b - 84 stones Duvessa barely misses you.
Casting: Sandblast (safe; 3% risk of failure)
Confirm with . or Enter, or press ? or * to list all spells.
Aiming: Sandblast (safe; 3% risk of failure)
Press: ? - help, Shift-Dir - straight line, f/p - Duvessa
Aim: Duvessa, wielding a +0 short sword and wearing a +0 ring mail (heavily wounded, 85% to hit)
The blast of sand hits Duvessa but does no damage.
Duvessa is heavily wounded.
b - 83 stones Duvessa hits you with a +0 short sword.
Casting: Sandblast (safe; 3% risk of failure)
Confirm with . or Enter, or press ? or * to list all spells.
Aiming: Sandblast (safe; 3% risk of failure)
Press: ? - help, Shift-Dir - straight line, f/p - Duvessa
Aim: Duvessa, wielding a +0 short sword and wearing a +0 ring mail (heavily wounded, 85% to hit)
The blast of sand hits Duvessa.
Duvessa is heavily wounded.
b - 82 stones Dowan barely misses you.
Duvessa hits you with a +0 short sword!
Casting: Sandblast (safe; 3% risk of failure)
Confirm with . or Enter, or press ? or * to list all spells.
You don't have enough magic to cast this spell.
You hit Duvessa but do no damage.
Duvessa is poisoned.
Your grab misses Duvessa. You squeeze Duvessa.
Duvessa is heavily wounded.
You completely miss Dowan. Dowan hits you with a +0 dagger. Duvessa misses you.
Dowan casts a spell at you. The puff of flame hits you!
* * * LOW HITPOINT WARNING * * *
Duvessa hits you with a +0 short sword!
You die...

....... #..... ....... #....
############ #...#########
...........# #..........# #...#
...........####..#######.####.#.#
...........+.....#.....#.......>
...........####.e#.....#..###'###
........s..# #e.).._..#.........
...........# ##@#.....#.........
...........# #.#.....#.........
...........#####.#######.........
...........##..............).....
...........##........#.#.........
...........##......†.#.#.........
#############........#.#.........
...........#.##########
...!.####'##.#


You could see Duvessa (very poisoned) and Dowan.

Vanquished Creatures
  2 orc priests (D:4)
  A bullfrog skeleton (D:3)
  2 adders
  A worm (D:2)
  3 dart slugs (D:3)
  14 orcs
  7 bats
  5 endoplasms
  5 goblins
  6 hobgoblins
  5 jackals
  5 kobolds
  7 quokkas
  6 ball pythons
  3 frilled lizards
  2 rats (D:3)
74 creatures vanquished.

Vanquished Creatures (others)
  A plant (D:2)
1 creature vanquished.

Grand Total: 75 creatures vanquished

Notes
Turn   | Place    | Note
-------+----------+-------------------------------------------
     0 | D:1      | Kaptain the Octopode Earth Elementalist began the quest for
                  | the Orb.
     0 | D:1      | Reached XP level 1. HP: 11/11 MP: 3/3
   222 | D:1      | Reached XP level 2. HP: 18/18 MP: 3/5
   560 | D:1      | Reached skill level 1 in Fighting
   566 | D:1      | Reached XP level 3. HP: 16/23 MP: 6/6
   570 | D:1      | Learned a level 3 spell: Stone Arrow
  1084 | D:2      | Found Azxiodd's Book Boutique.
  1798 | D:2      | Found a faded altar of an unknown god.
  2523 | D:3      | Reached skill level 1 in Conjurations
  2523 | D:3      | Reached XP level 4. HP: 28/28 MP: 2/7
  2698 | D:3      | Found an ancient bone altar of Kikubaaqudgha.
  2952 | D:3      | You fall into a shaft and drop 1 floor!
  2952 | D:4      | Noticed a scorpion
  2961 | D:4      | Found a sacrificial altar of Ru.
  2999 | D:4      | Noticed an ogre
  3024 | D:4      | Found a broken altar of Ashenzari.
  3024 | D:4      | Found a stormy altar of Qazlal.
  3266 | D:3      | Reached XP level 5. HP: 22/34 MP: 7/9
  3272 | D:3      | Found a hide-covered altar of Uskayaw.
  3376 | D:3      | Found a blossoming altar of Fedhas.
  3760 | D:4      | Noticed Duvessa
  3762 | D:4      | Noticed Dowan
  3771 | D:4      | Slain by Duvessa

Illustrated notes

Levels and vault maps discovered:
D:1:      lordsloth_arrival_two_stooges, layout_rooms, minmay_close_crescents
D:2:      layout_loops_corners, serial_shops, nicolae_shop_statue_plus,
          dreamdust_ecumenical_altar_angels_and_demons, guppyfry_early_lair_pool
D:3:      layout_rooms, fedhas_altar_fruit_tree, nicolae_uskayaw_dance_hall,
          overflow_temple_1_default
D:4:      layout_basic, amcnicky_altar_gilded, gammafunk_temple_overflow_wave,
          minmay_temple_entry_mist, kennysheep_decorative_pillar, uniq_robin,
          uniq_duvessa, uniq_ijyb

Skill      XL: |  1  2  3  4  5 |
---------------+----------------+-----
Fighting       | 1 2 |  2.1
Stealth        | 3 |  3.5
Conjurations   | 1 |  1.8
Spellcasting   | 3 |  3.1
Dodging        | |  2.7
Transmutations | |  1.0
Earth Magic    | |  3.8

Action                   |  1- 3 |  4- 6 || total
-------------------------+-------+-------++-------
Melee: Hand axe          |    59 |    35 ||    94
       Tentacles         |    12 |     9 ||    21
       Punch             |     1 |       ||     1
       Constrict         |    18 |    13 ||    31
 Cast: Sandblast         |    16 |    39 ||    55
  Use: Scroll            |       |     5 ||     5
       Potion            |       |     1 ||     1
 Stab: Sleeping          |     9 |     2 ||    11
Armor: Skin              |     4 |       ||     4
Dodge: Dodged            |    44 |    30 ||    74
